Map: Jagannatha LE

Players

Pumba - Winner!

  • Race: Zerg Zerg
  • League: Diamond
  • Spawn Location: 1:00

Zunta

  • Race: Zerg Zerg
  • League: Diamond
  • Spawn Location: 7:00

VOD

Have the link to the VOD?

Description

Time

  • Played on: Aug. 17, 2021, 7:32 p.m.
  • Length: 5:25
Show
View Real Time Build Order
Export as new Build Order

Pumba Zerg - Winner!

Build Orders: Pool First, Zergling Baneling 

Get SALT Encoding   

  12  0:01  Drone  
  13  0:12  Overlord  
  13  0:19  Drone  
  14  0:32  Drone x2  
  16  0:38  Drone  
  17  0:51  Spawning Pool, Drone  
  17  0:57  Drone  
  18  1:13  Hatchery  
  17  1:20  Drone, Extractor  
  17  1:21  Drone  
  18  1:30  Drone  
  19  1:38  Queen  
  21  1:40  Overlord  
  21  1:51  Zergling x2  
  22  2:07  Drone  
  23  2:14  Queen  
  25  2:22  Drone  
  26  2:30  Drone x2  
  26  2:31  Metabolic Boost  
  26  2:34  Hatchery  
  27  2:37  Drone  
  28  2:50  Drone x5  
  32  2:55  Overlord  
  32  3:06  Baneling Nest  
  32  3:07  Zergling x4  
  33  3:15  Zergling x4, Spine Crawler  
  34  3:23  Zergling x8  
  38  3:37  Zergling x4  
  40  3:48  Zergling x4  
  39  3:49  Baneling  
  39  3:50  Baneling  
  36  3:59  Drone  
  36  4:00  Drone x2  
  39  4:10  Zergling x12  
  43  4:18  Baneling x2  
  43  4:20  Baneling x2  
  43  4:27  Zergling x10  
  43  4:31  Baneling x3  
  45  4:53  Zergling x10  
  45  4:54  Overlord  
  45  4:55  Overlord  
  46  5:03  Zergling x2  
  46  5:04  Baneling x2  
  46  5:06  Zergling x2  
  46  5:07  Zergling x4  
Show
View Real Time Build Order
Export as new Build Order

Zunta Zerg 

Build Orders: Hatch First, Zergling Baneling 

Get SALT Encoding   

  12  0:01  Drone  
  13  0:12  Overlord  
  13  0:24  Drone  
  14  0:32  Drone x2  
  16  0:50  Hatchery  
  16  0:52  Drone  
  16  0:56  Drone  
  17  1:00  Drone  
  18  1:10  Extractor  
  17  1:15  Spawning Pool  
  17  1:18  Drone  
  17  1:22  Drone  
  18  1:29  Drone  
  19  1:44  Overlord  
  19  1:55  Drone  
  20  2:03  Queen x2  
  20  2:04  Zergling x4  
  26  2:13  Metabolic Boost  
  26  2:14  Zergling x2  
  26  2:15  Zergling x2  
  28  2:27  Drone  
  28  2:28  Drone  
  30  2:39  Baneling Nest, Drone x2  
  31  2:45  Zergling x4  
  33  3:02  Overlord x2  
  33  3:06  Overlord x2  
  33  3:13  Overlord  
  33  3:24  Baneling x5  
  33  3:27  Zergling x2  
  33  3:28  Zergling x8  
  33  3:29  Zergling x2  
  33  3:53  Zergling x18  
  42  3:59  Baneling  
  42  4:00  Baneling x3  
  39  4:29  Zergling x12  
  40  4:43  Zergling x12  
  33  4:58  Zergling x2  
  33  4:59  Zergling x2  
  24  5:07  Zergling x4  
Tags
 
Add a new tag
Caveats
  • Supply blocks, unpowered buildings, or Contaminate may cause inaccurate times.
  • Supply counts are checked every 10 seconds.